 Dungeon Crawl Stone Soup version 0.27.1-1-g398f81649c (webtiles) character file.

Game seed: 5903863918614502417

52 Autumnman the Chopper (level 3, 0/34 HPs)
             Began as a Minotaur Berserker on Sept 10, 2021.
             Was a Believer of Trog.
             Killed from afar by Ijyb (8 damage)
             ... with a puff of flame
             ... on level 3 of the Dungeon.
             The game lasted 00:04:29 (1659 turns).

Autumnman the Chopper (Minotaur Berserker)          Turns: 1659, Time: 00:04:30

Health: 0/34       AC:  2    Str: 22    XL:     3   Next: 60%
Magic:  2/2        EV: 12    Int:  4    God:    Trog [**....]
Gold:   55         SH:  0    Dex:  9    Spells: 2/2 levels left

rFire    . . .     SeeInvis .   a - +0 hand axe
rCold    . . .     Faith    .   (no shield)
rNeg     . . .     Spirit   .   b - +0 animal skin
rPois    .         Reflect  .   (helmet restricted)
rElec    .         Harm     .   (no cloak)
rCorr    .         Rampage  .   (no gloves)
Will     .....                  (no boots)
Stlth    +.........             (no amulet)
HPRegen  0.11/turn              (no ring)
MPRegen  0.08/turn              (no ring)

@: no status effects
A: horns 2, retaliatory headbutt
a: Renounce Religion, Berserk, Trog's Hand


You were on level 3 of the Dungeon.
You worshipped Trog.
Trog was pleased with you.
You visited 1 branch of the dungeon, and saw 3 of its levels.

You collected 55 gold pieces.

Inventory:

Hand Weapons
 a - a +0 hand axe (weapon)
Armour
 b - a +0 animal skin (worn)
 h - a +0 helmet
Scrolls
 e - 2 scrolls of enchant weapon {unknown}
 g - a scroll of identify {unknown}
 i - a scroll of summoning {unknown}
Potions
 c - 2 potions of brilliance {unknown}
 d - 2 potions of cancellation {unknown}
 f - a potion of heal wounds {unknown}
 j - a potion of attraction {unknown}


   Skills:
 + Level 4.4 Fighting
 + Level 4.4 Axes
 + Level 2.7 Armour
 + Level 2.7 Dodging


You had 2 spell levels left.
You didn't know any spells.
Your spell library was empty.

Dungeon Overview and Level Annotations

Branches:
Dungeon (3/15)

Altars:

Annotations:
D:3 Ijyb


Innate Abilities, Weirdness & Mutations

You have a pair of horns on your head.
You reflexively headbutt those who attack you in melee.


Message History

A worm comes into view.
The worm moves out of view.
A worm is nearby!
You barely miss the worm. You headbutt the worm.
The worm is moderately wounded.
The worm misses you. You furiously retaliate!
You headbutt the worm. You slash the worm! You headbutt the worm.
You kill the worm!
Trog accepts your kill.
You can now call upon Trog for regeneration and willpower.
You see here a worm corpse.
You open the door.
There is an open door here.
Done exploring.
There is an open door here.
You see here a +0 mace.
Unknown command.
Done exploring.
You see here a worm corpse.
There is a stone staircase leading down here.
You climb downwards.
There is a stone staircase leading up here.
Found a stone staircase leading up.
You open the door.
Ijyb the Twisted Goblin comes into view.
She is wielding a +0 dagger and carrying a wand of flame (25).
There is an open door here.
You see here 18 gold pieces.
Ijyb screams, "Me stronger than you!" Ijyb hits you with a +0 dagger.
You barely miss Ijyb. Your headbutt misses Ijyb.
Ijyb hits you with a +0 dagger.
You barely miss Ijyb. You headbutt Ijyb, but do no damage.
Ijyb zaps a wand.
The puff of flame hits you.
You closely miss Ijyb.
Ijyb zaps a wand.
The puff of flame hits you!
* * * LOW HITPOINT WARNING * * *
Ijyb zaps a wand.
The puff of flame misses you.
You hit Ijyb but do no damage. You headbutt Ijyb.
Ijyb is lightly wounded.
Ijyb zaps a wand.
The puff of flame hits you!
You die...

#.#####.. .......#
......# #.....# #. #
#.....# #. #.#.....#
##.## #.....g.#
#...### ##...@.##
#<#... # #.......##
#...##.#
#.......$.####...#.#
+.........'........###
#.........####.......#
##.......## #..##.#.#
##.....## #.#...#
##...## #.#.### ##+#
#.#.#


You could see Ijyb.

Vanquished Creatures
  An adder (D:2)
  3 worms (D:2)
  A dart slug (D:2)
  3 ball pythons (D:1)
  2 endoplasms
  2 giant cockroaches (D:1)
  4 goblins
  2 hobgoblins
  2 quokkas
  3 bats
  3 frilled lizards
  5 kobolds
  A rat (D:1)
32 creatures vanquished.

Notes
Turn   | Place    | Note
-------+----------+-------------------------------------------
     0 | D:1      | Autumnman the Minotaur Berserker began the quest for the
                  | Orb.
     0 | D:1      | Reached XP level 1. HP: 19/19 MP: 0/0
   225 | D:1      | Reached XP level 2. HP: 23/27 MP: 1/1
  1113 | D:2      | Reached XP level 3. HP: 33/33 MP: 2/2
  1268 | D:2      | Found a faded altar of an unknown god.
  1525 | D:2      | Reached ** piety under Trog
  1651 | D:3      | Noticed Ijyb
  1659 | D:3      | Killed from afar by Ijyb

Illustrated notes

Levels and vault maps discovered:
D:1:      amcnicky_arrival_single_pillar, layout_basic, amcnicky_mini_pool_small
D:2:      layout_rooms, shapermc_ecumenical_altar_flowoftime
D:3:      layout_loops_corners, serial_shops, nicolae_lakefront_shop,
          st_stairs_5, kennysheep_doodads, uniq_ijyb

Skill      XL: |  1  2 |
---------------+-------+-----
Axes           | 4 |  4.4
Fighting       | 4 |  4.4
Armour         | |  2.7
Dodging        | |  2.7

Action                   || total
-------------------------++-------
Melee: Hand axe          ||    65
       Headbutt          ||    14
Invok: Berserk           ||     1
Armor: Animal skin       ||    12
Dodge: Dodged            ||    48
